 Dungeon Crawl Stone Soup version 0.30.1-11-g7821555f0a (webtiles) character file.

Game seed: 11363094107613932017

2 bmb222 the Sneak (level 1, -2/18 HPs)
             Began as a Demonspawn Delver on Dec 6, 2023.
             Slain by an ogre
             ... wielding a +0 giant club
              (19 damage)
             ... on level 4 of the Dungeon.
             The game lasted 00:00:24 (122 turns).

bmb222 the Sneak (Demonspawn Delver)                 Turns: 122, Time: 00:00:26

Health: -2/18      AC:  3    Str: 12    XL:     1   Next: 25%
Magic:  1/1        EV: 11    Int: 11    God:
Gold:   0          SH:  0    Dex: 14    Spells: 0/0 levels left

rFire   . . .        a - +0 spear
rCold   . . .        (no shield)
rNeg    . . .        b - +0 leather armour
rPois   .            (no helmet)
rElec   .            (no cloak)
rCorr   .            (no gloves)
SInv    .            (no boots)
Will    .....        (no amulet)
Stlth   +++          (no ring)
HPRegen 0.23/turn    (no ring)
MPRegen 0.07/turn

%: no passive effects
@: no status effects
A: no striking features
a: no special abilities


You were on level 4 of the Dungeon.
You visited 1 branch of the dungeon, and saw 2 of its levels.

Inventory:

Hand Weapons
 a - a +0 spear (weapon)
Armour
 b - a +0 leather armour (worn)
Wands
 g - a wand of digging (3)
Scrolls
 c - a scroll of fog
 e - a scroll of fear
Potions
 f - a potion of haste


   Skills:
 + Level 3.0 Fighting
 + Level 1.7 Polearms
 + Level 1.7 Dodging
 + Level 4.6 Stealth


You couldn't memorise any spells.
You didn't know any spells.
Your spell library was empty.

Dungeon Overview and Level Annotations

Branches:
Dungeon (5/15)
 Temple: D:4-7

Altars:
Kikubaaqudgha

Annotations:
D:4 Dowan, Duvessa


Message History

The orc priest mumbles some strange prayers to Beogh against you.
Beogh smites you!
Ouch! That really hurt!
You hear an angry hiss.
You hear a shout!
You climb downwards.
There is a stone staircase leading up here.
You start resting.
HP restored.
Found a stone staircase leading up.
A gnoll comes into view. It is wielding a +0 mace.
A phantom comes into view.
Found 12 gold pieces.
A gnoll comes into view. It is wielding a +2 spear of venom.
There is a stone staircase leading up here.
You climb upwards.
Level annotation: Dowan, Duvessa
Found a scroll of fog.
There is a stone staircase leading down here.
As you read the scroll of magic mapping, it crumbles to dust.
You feel aware of your surroundings.
You sensed 5 altars. 2 lemures come into view.
The adder hisses angrily.
You hear a zap.
You hear a grinding noise.
A hobgoblin comes into view.
Found a scroll of magic mapping and a golden potion.
Found an ancient bone altar of Kikubaaqudgha.
You hear a zap.
You hear a grinding noise.
The adder attacks as you move away! The adder bites you but does no damage.
You hear a zap.
You hear a grinding noise.
The adder barely misses you.
You hear a zap.
You hear a grinding noise.
The adder barely misses you.
An ogre comes into view. It is wielding a +0 giant club.
Found a stone staircase leading up.
The helpless ogre fails to defend itself.
You puncture the ogre!
The ogre is moderately wounded.
The adder bites you.
The ogre hits you with a +0 giant club!!
Ouch! That really hurt!
You die...

,* *,,,,,,,,,,* ,***
*******,,,,,,,,,,* ,,,***
**,,,,,,,,,,,,,,,,*
,*,,,******,,*****,,,,,,,,,,*
,***,,,,**,,**** *****,******
,*****,***,***,* *,*****
,,,,,,,*⌠*,*⌠#,#######,*,,,**
,,,,,,,*,,,,,#.#.....#,,,,,,**
,,,,,,,*,,_,,#..@♣♣♣♣♣♣♣♣*,,,*
,,,,,,,*,,,,,#.O♣S.≈≈≈≈≈.,*,,*
,,,,,,,******#..♣g≈.....≈,*,,*
,,,,,,,,,,,,....♣.≈.≈≈≈.≈,*,**
,,,,,,,,,,,.....♣5≈≈...≈≈,*,**
,,,,,,,,,<......♣5≈≈._.≈≈,*,,*
,,,,,,,,*...##..♣.≈≈...≈≈,*,,*
,,,,,,,,,...,..#♣.≈.≈≈≈.≈,*,,*
***,***,,,,,**,*♣.≈?....≈,*,**


You could see an ogre, 2 lemures, an adder and a hobgoblin.

Vanquished Creatures
  An orc (D:5)
1 creature vanquished.

Notes
Turn   | Place    | Note
-------+----------+-------------------------------------------
     0 | D:5      | bmb222 the Demonspawn Delver began the quest for the Orb.
     0 | D:5      | Reached XP level 1. HP: 18/18 MP: 1/1
    23 | D:4      | Noticed Duvessa
    23 | D:4      | Noticed an orc priest
    23 | D:4      | Noticed an orc wizard
    24 | D:4      | Noticed Dowan
   103 | D:5      | Noticed a phantom
   106 | D:4      | Noticed a lemure
   108 | D:4      | Noticed a lemure
   108 | D:4      | Noticed a lemure
   111 | D:4      | Found an ancient bone altar of Kikubaaqudgha.
   121 | D:4      | Noticed an ogre
   122 | D:4      | Slain by an ogre

Illustrated notes

Levels and vault maps discovered:
D:4:      layout_rooms, mainiacjoe_overflow_paths, mainiacjoe_overflow_alcove_2,
          gammafunk_temple_overflow_claw, uniq_duvessa, uniq_menkaure,
          uniq_pikel, uniq_blork_the_orc
D:5:      layout_basic, minmay_misc_feat_four_crosses

Action                     || total
---------------------------++-------
  Melee: Spear             ||     5
    Use: Scroll            ||     1
   Stab: Sleeping          ||     2
 Armour: Leather armour    ||     1
  Dodge: Dodged            ||     3
